 Dungeon Crawl Stone Soup version 0.14.2 (webtiles) character file.

1 Amnesiac the Charlatan (level 1, 0/9 HPs)
             Began as a Spriggan Artificer on Feb 10, 2018.
             Slain by a goblin (4 damage)
             ... on Level 3 of the Dungeon.
             The game lasted 00:00:28 (76 turns).

Amnesiac the Charlatan (Spriggan Artificer)           Turns: 76, Time: 00:00:28

HP   0/9         AC  2     Str  7      XL: 1   Next: 16%
MP   2/2         EV 18     Int 13      God:
Gold 0           SH  0     Dex 16      Spells:  0 memorised,  0 levels left

rFire  . . .     SeeInvis +     a - +0 short sword
rCold  . . .     Clarity  .     e - +0 robe
rNeg   . . .     Conserve .     (shield restricted)
rPois  .         rCorr    .     (helmet restricted)
rElec  .         rRot     .     (no cloak)
SustAb . .       Spirit   .     (gloves unavailable)
rMut   .         Warding  .     (boots unavailable)
Saprov . . .     Stasis   .     (no amulet)
MR     .....                    (no ring)
                                (no ring)

@: very quick, not resistant to hostile enchantments, fairly stealthy
A: unfitting armour, see invisible, herbivore 3, speed 3, slow metabolism 2
a: no special abilities


You were on level 3 of the Dungeon.
You were not hungry.

You visited 1 branch of the dungeon, and saw 4 of its levels.

Inventory:

Hand weapons
 a - a +0,+0 short sword (weapon)
 i - a +0,+0 sling
Armour
 e - a +0 robe (worn)
Magical devices
 b - a wand of flame (15)
 c - a wand of enslavement (15)
 d - a wand of random effects (15)
Comestibles
 h - a rambutan
Potions
 f - a potion of porridge {!q}
 g - a potion of curing {!q, unknown}


   Skills:
 + Level 0.7 Fighting
 - Level 1.1 Short Blades
 + Level 3.0 Dodging
 - Level 1.5 Stealth
 * Level 4.1 Evocations


You couldn't memorise any spells.
You didn't know any spells.

Dungeon Overview and Level Annotations

Branches:
Dungeon (4/15)
 Temple: D:4-7

Altars:


Innate Abilities, Weirdness & Mutations

You are tiny and cannot use many weapons and most armour.
You have supernaturally acute eyesight.
You are a herbivore.
You cover ground extremely quickly.
You need consume almost no food.


Message History

A rat comes into view.
A rat is nearby!
The rat moves out of view.
No target in view!
No target in view!
Found an escape hatch in the floor.
You hit the rat.
You kill the rat!
No target in view!
No target in view!
A rat comes into view.
Found a stone staircase leading down.
Found a rambutan.
The rat completely misses you.
Found a fuming cyan potion.
There is an escape hatch in the floor here.
You hit the rat.
You kill the rat!
No target in view!
g - a fuming cyan potion {!q}
h - a rambutan You see here a rat corpse.
A goblin comes into view.
Found an escape hatch in the ceiling.
There is a stone staircase leading down here.
You climb downwards.
You hear the sound of rushing water.
There is an entrance to a sewer on this level.
Hurry and find it before the portal rusts away!
Found a stone staircase leading down.
There is a stone staircase leading up here.
You open the door.
Found a sling.
There is an open door here.
You see here a sling.
i - a sling Wield which item (- for none, * to show all)? (? for menu, Esc to quit)
Okay, then.
Search for what [? for help]? sto Can't find anything matching that.
Search for what [Enter for "sto", or ? for help]? sli You hear the sound of rushing water.
There is an entrance to a sewer on this level.
Hurry and find it before the portal rusts away!
You hear the sound of rushing water.
There is an entrance to a sewer on this level.
Hurry and find it before the portal rusts away!
There is an open door here.
There is a stone staircase leading up here.
You climb upwards.
The goblin shouts!
The goblin wields a sling.
The goblin shoots a sling bullet.
The sling bullet misses you.
There is a stone staircase leading down here.
You see here a sling bullet.
Unknown command.
Unknown command.
A giant cockroach comes into view.
The giant cockroach moves out of view.
The goblin shoots a sling bullet.
The sling bullet hits you!
Ouch! That really hurt!
* * * LOW HITPOINT WARNING * * *
You see here a sling bullet.
You hit the goblin.
The goblin is lightly wounded.
The goblin unwields an uncursed sling.
The goblin hits you.
You die...

#.##.#......# #.#
#.##.#......####.###.
............<........
..##.#...............
..##.#..............
..##.#......####.###
..##.#......####.####..#
....%.........>(.........
.....>..###.####@####.<#
........# #.# #..g.......
....................s...
........###.###.........
#.#..#### #.# #........#
#.#..# #.# #........
#.#..# #.# #.......
.....# #.. ....... .....#
...


You could see a giant cockroach and a goblin.

Vanquished Creatures
  2 rats (D:3)
2 creatures vanquished.

Notes
Turn   | Place    | Note
--------------------------------------------------------------
     0 | D:1      | Amnesiac, the Spriggan Artificer, began the quest for the Orb.
     0 | D:1      | Reached XP level 1. HP: 9/9 MP: 2/2
    76 | D:3      | Slain by a goblin

Action                   || total
-------------------------++-------
Melee: Short sword       ||     3
